AoeStats
← Leinad

Black Forest

510178872Analyzed
3v3 RM · 1d ago on Sep 29, 2026· 63m 49s· 6 players
Game mode
Random Map
Map size
Normal (6 player)
Population
200
Speed
Normal
Resources
Standard
Victory
Conquest
Starting age
Dark Age
Ending age
Imperial Age
RankedLock teamsTeams togetherTeam positionsShared explorationLock speedFull tech treeHidden civsTurbo modeCheats
Victory
Defeat
🇨🇿 Franks · Czechia
1207
+15
🇨🇿 Malians · Czechia
1204
+15
🇨🇿 Bohemians · Czechia
1191
+16
🇩🇪 Persians · Germany
1192
-16
🇷🇺 Huns · Russia
1187
-15
🇨🇦 Hindustanis · Canada
1181
-15
Broken Viking
1:07 Loom
13:31 Feudal Age
14:03 Double-Bit Axe
13:59 Horse Collar
18:38 Castle Age
16:34 Gold Mining
16:36 Stone Mining
16:48 Scale Mail Armor
17:03 Forging
21:57 Bow Saw
23:30 Squires
23:38 Arson
28:22 Chain Mail Armor
29:27 Iron Casting
31:01 Grand Trunk Road
31:26 Heavy Plow
32:06 Scale Barding Armor
36:15 Imperial Age
34:25 Wheelbarrow
34:14 Light Cavalry
35:13 Bloodlines
35:03 Husbandry
35:26 Chain Barding Armor
36:03 Gold Shaft Mining
35:55 Hand Cart
35:25 Town Watch
38:02 Plate Barding Armor
36:58 Heavy Camel Rider
38:04 Conscription
38:19 Fortified Wall
38:20 Masonry
40:04 Blast Furnace
38:51 Imperial Camel Rider
39:31 Fletching
43:34 Chemistry
43:52 Shatagni
47:52 Two-Man Saw
52:10 Padded Archer Armor
54:15 Caravan
60:04 Hussar
Вороня
1:17 Loom
12:50 Feudal Age
13:11 Horse Collar
13:26 Double-Bit Axe
18:31 Castle Age
16:31 Fletching
19:26 Bodkin Arrow
19:35 Husbandry
20:36 Wheelbarrow
24:51 Bloodlines
25:35 Light Cavalry
37:58 Imperial Age
36:06 Town Watch
37:23 Devotion
39:04 Conscription
38:12 Hussar
39:33 Hand Cart
40:10 Scale Barding Armor
41:50 Conscription
41:54 Ballistics
43:23 Bracer
45:29 Bow Saw
45:48 Parthian Tactics
47:03 Padded Archer Armor
48:58 Cavalier
49:34 Stone Mining
49:34 Gold Mining
49:53 Thumb Ring
51:17 Chemistry
53:03 Two-Man Saw
56:23 Squires
59:28 Pikeman
ph1L
0:58 Loom
12:31 Feudal Age
13:51 Double-Bit Axe
16:25 Castle Age
14:22 Horse Collar
18:50 Bow Saw
19:22 Heavy Plow
23:20 Gold Mining
24:36 Wheelbarrow
27:18 Hand Cart
27:33 Stone Mining
31:13 Imperial Age
29:24 Town Watch
30:19 Gold Shaft Mining
30:09 Scale Barding Armor
30:15 Forging
31:41 Bloodlines
30:53 Cavalier
31:55 Chain Barding Armor
33:19 Savar
34:37 Plate Barding Armor
34:38 Iron Casting
34:25 Conscription
35:47 Two-Man Saw
35:20 Crop Rotation
36:16 Caravan
36:59 Husbandry
38:38 Blast Furnace
37:51 Masonry
37:10 Pikeman
38:05 Scale Mail Armor
38:19 Halberdier
41:17 Chemistry
40:59 Chain Mail Armor
42:50 Plate Mail Armor
42:11 Fletching
43:09 Architecture
43:02 Ballistics
45:18 Citadels
44:31 Elite War Elephant
46:17 Bodkin Arrow
45:48 Capped Ram
46:39 Squires
46:48 Light Cavalry
47:29 Padded Archer Armor
50:10 Leather Archer Armor
49:32 Hussar
49:56 Elite Skirmisher
50:33 Gambesons
54:40 Ring Archer Armor
čuňas
10:31 Feudal Age
14:48 Castle Age
14:19 Town Watch
14:55 Double-Bit Axe
20:59 Wheelbarrow
21:26 Town Watch
21:49 Town Watch
22:55 Gold Mining
23:28 Bow Saw
23:16 Town Watch
24:25 Hand Cart
25:11 Town Watch
29:03 Imperial Age
26:41 Scale Barding Armor
26:55 Forging
27:18 Forging
27:29 Husbandry
28:07 Chain Barding Armor
30:17 Iron Casting
29:33 Cavalier
32:19 Plate Barding Armor
33:30 Blast Furnace
33:47 Paladin
35:03 Onager
36:59 Town Patrol
46:39 Scale Mail Armor
57:35 Light Cavalry
Leinad
5:30 Loom
11:30 Feudal Age
15:32 Castle Age
14:27 Double-Bit Axe
17:06 Bow Saw
20:29 Fervor
21:50 Sanctity
25:57 Redemption
32:05 Imperial Age
29:40 Stone Mining
31:30 Gold Mining
33:24 Block Printing
33:50 Theocracy
39:37 Pikeman
40:17 Squires
40:21 Scale Mail Armor
41:01 Forging
43:48 Conscription
45:43 Scale Barding Armor
46:39 Wheelbarrow
45:46 Horse Collar
46:47 Chain Barding Armor
46:43 Bloodlines
46:33 Husbandry
48:28 Plate Barding Armor
49:02 Iron Casting
48:41 Heavy Camel Rider
50:21 Farimba
51:18 Light Cavalry
59:26 Fletching
60:41 Hand Cart
61:08 Tigui
xrixcis
0:36 Loom
14:27 Feudal Age
18:18 Castle Age
16:38 Double-Bit Axe
17:00 Horse Collar
24:34 Bow Saw
24:28 Town Watch
25:13 Heavy Plow
26:17 Pikeman
27:01 Scale Mail Armor
27:12 Forging
26:56 Man-at-Arms
27:59 Man-at-Arms
28:57 Chain Mail Armor
29:18 Iron Casting
28:45 Man-at-Arms
29:37 Long Swordsman
31:02 Squires
30:47 Arson
37:38 Imperial Age
35:44 Wheelbarrow
35:23 Fletching
38:00 Halberdier
39:13 Plate Mail Armor
39:43 Blast Furnace
41:12 Chemistry
46:30 Houfnice
51:53 Fortified Wall
51:58 Masonry
52:00 Siege Engineers
53:08 Blast Furnace
58:07 Conscription
60:13 Caravan
61:50 Wagenburg Tactics
63:30 Guilds
Connection lost

Rejoining the realm…

Still unreachable

The connection could not be restored.

Session expired

The server has moved on; the page needs a fresh start.